 Dungeon Crawl Stone Soup version 0.27-a0-1219-g958d993ae5 (webtiles) character file.

Game seed: 12360348103352204768

327646 wakim the Imperceptible (level 22, -3/137 HPs)
             Began as a Kobold Brigand on June 6, 2021.
             Was a Follower of Uskayaw.
             Slain by a deep elf blademaster
             ... wielding a +1 antimagic quick blade
              (34 damage)
             ... on level 2 of the Depths.
             The game lasted 04:03:52 (53996 turns).

wakim the Imperceptible (Kobold Brigand)           Turns: 53996, Time: 04:03:52

Health: -3/137     AC: 28    Str: 12    XL:     22   Next: 64%
Magic:  28/33      EV: 49    Int: 13    God:    Uskayaw [*.....]
Gold:   2227       SH: 10    Dex: 33    Spells: 21/21 levels left

rFire    . . .     SeeInvis +   a - +5 rapier of Guile {speed, Dex+4}
rCold    + . .     Faith    .   V - +1 buckler {AC+3}
rNeg     + + .     Spirit   .   k - quicksilver dragon scales of the Lotus Blossom {rElec Will+ Regen+ Dex+4}
rPois    +         Reflect  .   f - +2 hat {Stlth+}
rElec    +         Harm     .   o - +2 cloak {rCorr}
rCorr    +         Rampage  .   Z - +1 pair of gloves of Indecent Exposure {rPois Stlth+}
Will     ++++.                  s - +2 pair of boots Stlth ***+++++++
                                L - amulet "Tuffops" {Acrobat rF- rC+ rN++ SInv}
HPRegen  1.32/turn              j - +4 ring of slaying
MPRegen  0.23/turn              i - ring of Moodiness {Fly rF+ Will++ Str+3}

@: about to teleport, acrobatic, flying, studying 2 skills
A: small, no large weapons, nightstalker 3
}: 2/15 runes: barnacled, gossamer
a: Renounce Religion, Stomp


You were on level 2 of the Depths.
You worshipped Uskayaw.
Uskayaw was pleased with you.
You visited 8 branches of the dungeon, and saw 36 of its levels.
You also visited: Sewer, Bailey, Gauntlet, Ice Cave and Volcano.

You collected 4194 gold pieces.
You spent 1967 gold pieces at shops.

Inventory:

Hand Weapons
 a - the +5 rapier of Guile (weapon) {speed, Dex+4}
   (You took it off a deep elf high priest on level 1 of the Elven Halls)

   Attacks with this weapon are significantly faster.
   It affects your dexterity (+4).
 b - a +4 rapier of electrocution
 n - a +3 demon blade of venom
Missiles
 c - 8 throwing nets {=f!f}
 e - 9 curare-tipped darts {=f}
 z - 65 boomerangs (quivered)
Armour
 f - a +2 hat of stealth (worn)
 k - the quicksilver dragon scales of the Lotus Blossom (worn) {rElec Will+ Regen+ Dex+4}
   (You bought it in a shop on level 1 of the Orcish Mines)

   It affects your dexterity (+4).
   It insulates you from electricity.
   It increases your rate of health regeneration.
   It increases your willpower.
 o - a +2 cloak of preservation (worn)
 s - a +2 pair of boots (worn)
 V - a +1 buckler of protection (worn)
 Z - the +1 pair of gloves of Indecent Exposure (worn) {rPois Stlth+}
   (You found it in a Gauntlet)

   It protects you from poison.
   It makes you more stealthy.
Jewellery
 g - a ring of protection from cold
 h - the ring "Wehiumeo" {+Blink rElec rF+ rC- rCorr Stlth+}
   (You found it on level 6 of the Lair of Beasts)

   [ring of protection from fire]

   It protects you from fire.
   It makes you vulnerable to cold.
   It insulates you from electricity.
   It lets you blink.
   It protects you from acid and corrosion.
   It makes you more stealthy.
 i - the ring of Moodiness (right hand) {Fly rF+ Will++ Str+3}
   (You acquired it on level 4 of the Shoals)

   [ring of flight]

   It affects your strength (+3).
   It protects you from fire.
   It grants you flight.
   It greatly increases your willpower.
 j - a +4 ring of slaying (left hand)
 q - the amulet "Cocar" {rC+ rN+ Regen+}
   (You took it off Ijyb on level 4 of the Dungeon)

   [amulet of regeneration]

   It protects you from cold.
   It protects you from negative energy.
   It increases your rate of health regeneration.
 L - the amulet "Tuffops" (around neck) {Acrobat rF- rC+ rN++ SInv}
   (You found it on level 3 of the Spider Nest)

   [amulet of the acrobat]

   It increases your evasion while moving and waiting.
   It makes you vulnerable to fire.
   It protects you from cold.
   It greatly protects you from negative energy.
   It lets you see invisible.
 M - a +4 ring of evasion
 P - a ring of positive energy
Wands
 l - a wand of iceblast (24)
 t - a wand of digging (12)
 u - a wand of mindburst (24)
 v - a wand of flame (18)
 w - a wand of acid (1)
 x - a wand of charming (5)
 y - a wand of paralysis (24)
Scrolls
 d - 6 scrolls of enchant armour
 m - 2 scrolls of brand weapon
 r - 13 scrolls of identify
 R - 3 scrolls of magic mapping {!r}
 S - 2 scrolls of summoning
 T - 4 scrolls of teleportation
 U - 3 scrolls of fear
 W - a scroll of holy word
 X - 2 scrolls of fog
 Y - 4 scrolls of blinking {!r}
Potions
 A - 3 potions of ambrosia
 B - 7 potions of attraction {!q}
 C - 2 potions of berserk rage {!q}
 D - a potion of brilliance
 E - a potion of cancellation
 F - 10 potions of curing
 H - 4 potions of haste
 I - 6 potions of invisibility
 J - 5 potions of heal wounds
 K - a potion of magic
 N - 2 potions of might
 O - 8 potions of resistance


   Skills:
 - Level 14.0 Fighting
 - Level 14.0 Short Blades
 - Level 2.1 Throwing
 - Level 12.0 Armour
 + Level 17.9 Dodging
 - Level 26.0 Stealth
 - Level 6.0 Shields
 + Level 15.9 Invocations
 - Level 12.0 Evocations


You had 21 spell levels left.
You didn't know any spells.
Your spell library contained the following spells:

 Spells                   Type           Power      Damage    Failure   Level
 Animate Skeleton         Necr           0%         N/A       50%         1
 Apportation              Tloc           0%         N/A       50%         1
 Beastly Appendage        Tmut           0%         N/A       50%         1
 Corona                   Hex            0%         N/A       50%         1
 Foxfire                  Conj/Fire      0%         2x1d4     50%         1
 Magic Dart               Conj           0%         1d3       50%         1
 Sandblast                Erth           0%         2d4       50%         1
 Shock                    Conj/Air       0%         1d3       50%         1
 Sting                    Tmut/Pois      0%         1d3       50%         1
 Summon Small Mammal      Summ           0%         N/A       50%         1
 Corpse Rot               Necr/Air       N/A        N/A       65%         2
 Ensorcelled Hibernation  Hex/Ice        0%         N/A       65%         2
 Passwall                 Tmut/Erth      0%         N/A       65%         2
 Poisonous Vapours        Pois/Air       0%         N/A       65%         2
 Searing Ray              Conj           0%         3d3       65%         2
 Static Discharge         Conj/Air       0%         N/A       65%         2
 Wereblood                Tmut           0%         N/A       65%         2
 Confusing Touch          Hex            0%         N/A       86%         3
 Conjure Flame            Conj/Fire      0%         6-21      86%         3
 Dazzling Flash           Conj/Hex       0%         N/A       86%         3
 Ignite Poison            Fire/Tmut/Pois 0%         N/A       86%         3
 Inner Flame              Hex/Fire       0%         N/A       86%         3
 Mephitic Cloud           Conj/Pois/Air  0%         N/A       86%         3
 Spider Form              Tmut/Pois      0%         N/A       86%         3
 Stone Arrow              Conj/Erth      0%         3d7       86%         3
 Swiftness                Air            0%         N/A       86%         3
 Tukima's Dance           Hex            0%         N/A       86%         3
 Airstrike                Air            0%         N/A       99%         4
 Animate Armour           Summ/Erth      0%         N/A       99%         4
 Animate Dead             Necr           0%         N/A       99%         4
 Fulminant Prism          Conj/Hex       0%         3d6       99%         4
 Ice Form                 Ice/Tmut       0%         N/A       99%         4
 Iskenderun's Mystic Bla  Conj/Tloc      0%         2d3       99%         4
 Leda's Liquefaction      Hex/Erth       0%         N/A       99%         4
 Olgreb's Toxic Radiance  Pois           0%         N/A       99%         4
 Petrify                  Tmut/Erth      0%         N/A       99%         4
 Sticky Flame             Conj/Fire      0%         2d3       99%         4
 Bolt of Magma            Conj/Fire/Erth 0%         4d4       100%        5
 Borgnjor's Vile Clutch   Necr/Erth      0%         N/A       100%        5
 Fireball                 Conj/Fire      0%         3d3       100%        5
 Hydra Form               Tmut           0%         N/A       100%        5
 Lee's Rapid Deconstruct  Erth           0%         3d5*      100%        5
 Lightning Bolt           Conj/Air       0%         1d11      100%        5
 Silence                  Hex/Air        0%         N/A       100%        5
 Death Channel            Necr           0%         N/A       100%        6
 Iron Shot                Conj/Erth      0%         9d1       100%        6
 Shadow Creatures         Summ           N/A        N/A       100%        6
 Simulacrum               Ice/Necr       0%         N/A       100%        6
 Statue Form              Tmut/Erth      0%         N/A       100%        6
 Haunt                    Necr/Summ      0%         N/A       100%        7
 Malign Gateway           Summ/Tloc      0%         N/A       100%        7
 Monstrous Menagerie      Summ           0%         N/A       100%        7
 Summon Horrible Things   Summ           0%         N/A       100%        8
 Shatter                  Erth           0%         3d5*      100%        9


Dungeon Overview and Level Annotations

Branches:
Dungeon (15/15)            Temple (1/1) D:4            Lair (6/6) D:11
 Shoals (4/4) Lair:3       Spider (4/4) Lair:3        Slime (0/5) Lair:6
    Orc (2/2) D:11            Elf (2/3) Orc:2        Vaults (0/5) D:13
 Depths (2/5) D:15          Sewer (visited)          Bailey (visited)
  IceCv (visited)         Volcano (visited)         Gauntlet (visited)

Altars:
Ashenzari
Cheibriados
Dithmenos
Elyvilon
Fedhas
Gozag
Hepliaklqana
Kikubaaqudgha
Makhleb
Nemelex Xobeh
Okawaru
Qazlal
Ru
Sif Muna
Trog
Uskayaw
Vehumet
Wu Jian
Xom
Yredelemnul
Zin
The Shining One
Beogh

Shops:
D:13 *   Orc:1 *   Orc:2 **!*   Elf:1 !   Elf:2 =   Shoals:2 *[   Depths:1 !

Portals:
Hell: Depths:1 Depths:2
Abyss: Depths:2
Pandemonium: Depths:1 Depths:2
Ziggurat: Depths:1

Annotations:
Elf:1 6 runed translucent doors
Depths:2 1 transporter, Argha's ghost, veteran GrGl


Innate Abilities, Weirdness & Mutations

You are small and have problems with some larger weapons.
You are completely attuned to the shadows.


Message History

The moth of wrath goads the deep elf blademaster on!
The deep elf blademaster goes berserk!
You puncture the deep elf blademaster!
The deep elf blademaster is moderately wounded.
The deep elf blademaster barely misses you.
The deep elf blademaster completely misses you.
The stone giant barely misses you.
You hear a shout!
You puncture the deep elf blademaster!
The deep elf blademaster is heavily wounded.
The deep elf blademaster completely misses you.
The deep elf blademaster hits you but does no damage.
You completely miss the deep elf blademaster.
The deep elf blademaster is heavily wounded.
You completely miss the deep elf blademaster.
The deep elf blademaster is heavily wounded.
The deep elf blademaster hits you with a +2 vorpal rapier!!
The deep elf blademaster misses you.
The deep elf blademaster rages.
The stone giant closely misses you.
The deep elf blademaster closely misses you.
You block the deep elf blademaster's attack. x2
The deep elf blademaster completely misses you.
You block the deep elf blademaster's attack.
The deep elf blademaster hits you with a +2 vorpal rapier!!
* * * LOW HITPOINT WARNING * * *
As you read the scroll of teleportation, it crumbles to dust.
You feel strangely unstable.
The deep elf blademaster hits you but does no damage.
You block the deep elf blademaster's attack.
The deep elf blademaster hits you with a +2 vorpal rapier!!
* * * LOW HITPOINT WARNING * * *
* * * LOW HITPOINT WARNING * * *
The deep elf blademaster hits you but does no damage.
The deep elf blademaster misses you.
The deep elf blademaster completely misses you.
You block the deep elf blademaster's attack.
The deep elf blademaster completely misses you. x2
The deep elf blademaster hits you with a +2 vorpal rapier!!
You die...

########.##.###C.... ##.##
##.....'.#..####.....##..#
#.######...##.#≈#.###.##.#
#.#...##...#..##)..≈##.#.#
#...##.#...#....y_|##..#.#
##.∩.#.#...#Cy.#C.C....#.#
...#.#.#...##.##y#W...##.#
####.#.#....# C##e....#..#
....##.#....## #@e...##.##
######+#.#...###.©)###..#
.........#.....#####...##
###########......©...###
###......### ###...##
#####


You could see a juggernaut, 2 deep elf blademasters and Argha's ghost.

Vanquished Creatures
  Mara (Depths:2)
  Bai Suzhen (Spider:4)
  Saint Roka (Depths:2)
  Jorgrun (D:12)
  2 liches
  A deep elf blademaster (Elf:2)
  A kraken (Shoals:1)
  The ghost of Vugicoz the Warrior, an adept MiFi of Ru (Lair:3)
  Gastronok (D:12)
  Agnes (D:15)
  The ghost of Johiy the Bludgeoner, an adept MiFi of the Shining One (Spider:1)
  A tengu reaver (Depths:2)
  The ghost of Ygurun the Severer, a journeyman HOFi of Trog (Spider:3)
  2 fire giants
  2 emperor scorpions (Spider:4)
  2 caustic shrike zombies (Depths:2)
  3 ghost moths
  A reaper (Depths:2)
  9 stone giants
  3 very ugly things (Depths:2)
  A caustic shrike skeleton (Depths:2)
  4 vampire knights
  2 deep elf demonologists (Elf:1)
  A minotaur (Gauntlet)
  A dire elephant (Lair:6)
  The ghost of Nologisch the Grappler, a journeyman TrMo of Trog (Lair:3)
  3 entropy weavers
  An ettin (Depths:1)
  8 spark wasps
  4 merfolk javelineers
  An eleionoma (shapeshifter) (Depths:1)
  Josephine (D:15)
  8 jiangshi
  4 merfolk impalers
  3 fire dragons
  2 deep elf high priests (Elf:1)
  2 great orbs of eyes
  The ghost of p0werm0de the Fighter, a journeyman MiFi of Cheibriados (D:11)
  A rakshasa (Depths:1)
  Fannar (Lair:2)
  5 ice dragons
  7 hydras
  3 boulder beetles
  8 vault guards (D:13)
  2 ghost crabs (Spider:2)
  3 merfolk avatars
  4 ogre magi
  5 centaur warriors
  A spriggan air mage (Depths:2)
  10 merfolk aquamancers
  2 deep troll shamans
  16 two-headed ogres
  An alligator snapping turtle (Shoals:4)
  20 dancing weapons
  3 death yaks (Lair:5)
  7 satyrs (Shoals:4)
  A hell hog (Depths:2)
  A deep troll earth mage (Depths:2)
  2 spriggan berserkers
  8 death scarabs (Spider:4)
  6 tengu warriors
  3 vampire magi
  Nergalle (Lair:4)
  5 skeletal warriors
  17 deep elf knights
  3 iron trolls
  A spark wasp zombie (Depths:2)
  9 deep trolls
  2 glowing orange brains (Depths:1)
  21 sea snakes
  2 flayed ghosts (Depths:2)
  A death drake (Gauntlet)
  A tengu zombie (Depths:2)
  A torturous demonspawn (Depths:1)
  3 wizards
  3 lindwurms
  9 spectral wolf spiders
  8 deep elf archers (Elf:1)
  2 phantasmal warriors (Depths:2)
  26 wolf spiders
  23 deep elf pyromancers
  2 necromancers
  19 fauns
  5 orc sorcerers
  12 orb spiders
  10 harpies
  15 deep elf zephyrmancers
  4 orc knights
  12 ugly things
  2 stone giant zombies (Depths:2)
  2 tengu skeletons
  2 oklob plants
  2 frost giant zombies
  11 cyclopes
  A fire giant skeleton (Depths:2)
  3 moths of wrath
  12 manticores
  4 black mambas
  3 ice statues (IceCv)
  4 water nymphs
  10 merfolk sirens
  A frost giant skeleton (Depths:1)
  17 elephants
  6 molten gargoyles
  2 stone giant skeletons (Depths:2)
  2 gargoyles (D:13)
  A torpor snail (Lair:3)
  16 cane toads
  7 rime drakes
  5 spectral redbacks (Spider:4)
  2 kobold demonologists
  4 efreet
  A rime drake (shapeshifter) (D:14)
  3 orange demons
  2 redback zombies (Spider:4)
  11 komodo dragons
  4 tengu conjurers
  A guardian mummy (D:15)
  11 demonic crawlers
  An ice devil (Gauntlet)
  A tormentor (Depths:1)
  3 polar bears (Lair:6)
  34 jumping spiders
  3 meliai (D:15)
  10 trolls
  A tengu simulacrum (Depths:1)
  11 hornets
  3 tyrant leeches (Spider:2)
  25 merfolk
  2 spectral tarantellas (Spider:4)
  4 spectral jumping spiders (Spider:4)
  16 wind drakes
  2 spriggan zombies
  Prince Ribbit (Lair:1)
  4 dream sheep (Shoals:3)
  12 blink frogs
  8 slime creatures
  5 jumping spider zombies (Spider:4)
  3 meliai zombies
  8 snapping turtles
  An air elemental (Elf:1)
  4 flying skulls (Depths:2)
  2 shadows
  13 tarantellas
  2 centaur simulacra (D:14)
  56 redbacks
  A redback (shapeshifter) (D:15)
  49 yaks
  15 water elementals
  10 wyverns
  An elf simulacrum (Depths:1)
  A vampire (D:9)
  A ynoxinul (Depths:1)
  2 elf skeletons (Depths:2)
  6 wraiths
  5 fire bats (D:11)
  A spriggan skeleton (D:15)
  8 fire elementals
  An elf zombie (Depths:2)
  4 steam dragons
  7 basilisks
  Menkaure (D:5)
  3 wargs
  17 vampire mosquitoes
  2 acid dragons (D:11)
  15 water moccasins
  A spectral hornet (Spider:4)
  A floating eye (shapeshifter) (Depths:2)
  2 hornet zombies
  18 orc warriors
  10 ice beasts
  A sky beast (D:8)
  3 black bears
  2 necrophages
  30 ogres
  17 wolves
  16 centaurs
  5 kobold brigands
  17 bullfrogs
  A wyvern zombie (D:8)
  2 gnoll sergeants
  A scorpion (D:6)
  6 earth elementals
  A water moccasin skeleton (D:4)
  7 killer bees
  An oklob sapling (D:4)
  15 wights
  6 electric eels
  6 howler monkeys
  A lava snake (D:15)
  8 centaur zombies
  8 hounds
  15 jellies
  3 centaur skeletons
  14 orc priests
  2 bullfrog skeletons
  Ijyb (D:4)
  24 orc wizards
  4 hell rats (Lair:6)
  A killer bee zombie (D:9)
  A hound skeleton (D:4)
  A mummy (D:11)
  2 howler monkey zombies (D:9)
  14 gnolls
  A river rat (Sewer)
  6 adders
  A shadow imp (D:5)
  3 white imps (Gauntlet)
  3 ufetubi
  3 worms (D:3)
  63 orcs
  4 bats (D:1)
  14 endoplasms
  7 goblins
  8 hobgoblins
  6 jackals
  4 quokkas
  5 ball pythons
  A frilled lizard (D:3)
  38 kobolds
  10 rats
  A fire vortex (Volcano)
1404 creatures vanquished.

Vanquished Creatures (others)
  A deep elf sorcerer (Elf:1)
  A satyr (Shoals:4)
  A dancing weapon (Elf:2)
  Erica (Lair:2)
  A deep elf knight (Elf:1)
  A demonic crawler (Spider:1)
  A jumping spider (Spider:4)
  A hornet (Spider:4)
  2 yaks (Lair:6)
  A tarantella (Spider:1)
  A wyvern (Lair:6)
  An orc (Elf:1)
  A fire vortex (Volcano)
  54 fungi
  348 plants
  4 tentacles (Shoals:1)
  5 withered plants (D:15)
425 creatures vanquished.

Grand Total: 1829 creatures vanquished

Notes
Turn   | Place    | Note
-------+----------+-------------------------------------------
     0 | D:1      | wakim the Kobold Brigand began the quest for the Orb.
     0 | D:1      | Reached XP level 1. HP: 12/12 MP: 1/1
   346 | D:1      | Reached XP level 2. HP: 13/17 MP: 2/2
   952 | D:1      | Found a faded altar of an unknown god.
  1250 | D:1      | Reached XP level 3. HP: 21/21 MP: 3/3
  1439 | D:2      | Found a sacrificial altar of Ru.
  2061 | D:3      | Found a glowing drain.
  2065 | D:3      | Reached XP level 4. HP: 26/26 MP: 4/4
  2069 | Sewer    | Entered a sewer
  2157 | Sewer    | Noticed a kobold brigand
  2170 | Sewer    | Killed a kobold brigand
  2171 | Sewer    | Reached skill level 5 in Short Blades
  2171 | Sewer    | Reached XP level 5. HP: 30/30 MP: 5/5
  2210 | Sewer    | Found a white marble altar of Elyvilon.
  3139 | D:3      | Reached skill level 5 in Dodging
  3139 | D:3      | Reached XP level 6. HP: 20/35 MP: 6/6
  3407 | D:4      | Noticed Ijyb
  3902 | D:4      | Found an ornate altar of the Wu Jian Council.
  4012 | D:4      | Found an ancient bone altar of Kikubaaqudgha.
  4312 | D:4      | Found a staircase to the Ecumenical Temple.
  4333 | Temple   | Entered the Ecumenical Temple
  4675 | D:4      | Found a shadowy altar of Dithmenos.
  4680 | D:4      | Found a snail-covered altar of Cheibriados.
  4773 | D:4      | Identified the amulet "Cocar" {rC+ rN+ Regen+}
  4798 | D:4      | Killed Ijyb
  4799 | D:4      | Reached XP level 7. HP: 40/40 MP: 7/7
  5247 | D:5      | Entered Level 5 of the Dungeon
  5256 | D:4      | Identified a scroll of acquirement
  5256 | D:4      | Acquired a +2 cloak of preservation
  5768 | D:5      | Noticed Menkaure
  5773 | D:5      | Killed Menkaure
  5774 | D:5      | Reached skill level 1 in Armour
  6158 | D:5      | Reached XP level 8. HP: 44/44 MP: 8/8
  6333 | D:5      | Found a hide-covered altar of Uskayaw.
  6338 | D:5      | Became a worshipper of Uskayaw the Reveller
  6377 | D:5      | Reached * piety under Uskayaw
  6410 | D:6      | Reached ** piety under Uskayaw
  6441 | D:6      | Reached *** piety under Uskayaw
  6446 | D:6      | Reached **** piety under Uskayaw
  6641 | D:6      | Reached XP level 9. HP: 48/48 MP: 9/9
  7409 | D:7      | Reached skill level 10 in Short Blades
  7422 | D:7      | Reached skill level 10 in Dodging
  7468 | D:7      | Reached skill level 1 in Invocations
  7474 | D:7      | Reached ***** piety under Uskayaw
  7604 | D:7      | Reached skill level 6 in Stealth
  8187 | D:8      | Reached skill level 7 in Stealth
  8239 | D:8      | Reached XP level 10. HP: 57/58 MP: 12/12
  8410 | D:8      | Found a shimmering blue altar of Sif Muna.
  8642 | D:8      | Reached skill level 5 in Fighting
  8642 | D:8      | Reached skill level 8 in Stealth
  8696 | D:8      | Reached ****** piety under Uskayaw
  8717 | D:8      | Reached skill level 5 in Invocations
  8920 | D:8      | Found a broken altar of Ashenzari.
  9249 | D:9      | Reached skill level 9 in Stealth
  9358 | D:9      | Reached skill level 10 in Stealth
  9558 | D:9      | Reached XP level 11. HP: 67/67 MP: 15/15
  9901 | D:10     | Entered Level 10 of the Dungeon
 10215 | D:9      | Reached skill level 11 in Stealth
 11055 | D:10     | Noticed an oklob plant
 11390 | D:11     | Reached skill level 12 in Stealth
 11392 | D:11     | Reached skill level 1 in Shields
 11395 | D:11     | Noticed a two-headed ogre
 11399 | D:11     | Killed a two-headed ogre
 11811 | D:11     | Reached XP level 12. HP: 64/76 MP: 18/18
 11880 | D:11     | Noticed a two-headed ogre
 11908 | D:11     | Killed a two-headed ogre
 12114 | D:11     | Noticed a fire dragon
 12115 | D:11     | Found the +7 great mace "Firestarter" {inner flame, rF++}
 12306 | D:11     | Found a staircase to the Orcish Mines.
 12307 | D:11     | Noticed a five-headed hydra
 12312 | D:11     | Killed a five-headed hydra
 12384 | D:11     | Found a runed translucent door.
 13232 | D:11     | Reached skill level 5 in Shields
 13618 | D:11     | Killed a fire dragon
 13619 | D:11     | Reached skill level 10 in Fighting
 13763 | D:11     | Found a staircase to the Lair.
 13872 | D:11     | Noticed p0werm0de's ghost (journeyman MiFi)
 13987 | Lair:1   | Entered Level 1 of the Lair of Beasts
 14344 | Lair:1   | Noticed Prince Ribbit
 14372 | Lair:1   | Killed Prince Ribbit
 14540 | Lair:1   | Reached skill level 10 in Invocations
 14540 | Lair:1   | Reached XP level 13. HP: 70/82 MP: 13/20
 15597 | Lair:2   | Found a runed translucent door.
 15599 | Lair:2   | Noticed Nologisch's ghost (journeyman TrMo)
 15990 | Lair:2   | Noticed a five-headed hydra
 16036 | Lair:2   | Killed a five-headed hydra
 16161 | Lair:2   | Noticed Erica
 16171 | Lair:2   | Killed Erica
 16357 | Lair:2   | Noticed Fannar
 16359 | Lair:2   | Killed Fannar
 16714 | Lair:2   | Noticed a five-headed hydra
 16733 | Lair:2   | Killed a five-headed hydra
 16881 | Lair:3   | Found a hole to the Spider Nest.
 17062 | Lair:3   | Found a staircase to the Shoals.
 17312 | Lair:3   | Reached skill level 1 in Evocations
 17626 | Lair:4   | Found a gate leading to a gauntlet.
 17632 | Gauntlet | Entered a Gauntlet
 17632 | Gauntlet | Found a transporter.
 17644 | Gauntlet | Found a transporter.
 17651 | Gauntlet | Found a runed translucent door.
 17658 | Gauntlet | Found a transporter.
 17665 | Gauntlet | Noticed a great orb of eyes
 17668 | Gauntlet | Found a transporter.
 17676 | Gauntlet | Found a runed translucent door.
 17683 | Gauntlet | Found a transporter.
 17693 | Gauntlet | Found a transporter.
 17694 | Gauntlet | Noticed a great orb of eyes
 17703 | Gauntlet | Found a transporter.
 17721 | Gauntlet | Found a transporter.
 17734 | Gauntlet | Found a transporter.
 17757 | Gauntlet | Found a transporter.
 17824 | Gauntlet | Found a transporter.
 17848 | Gauntlet | Identified the +2 plate armour of Bywotec {Dex+6}
 17852 | Gauntlet | Found a transporter.
 17916 | Gauntlet | Identified the +1 pair of gloves of Indecent Exposure
                  | {rPois Stlth+}
 17950 | Gauntlet | Identified the +10 hunting sling "Ovig Res" {vorpal, rN++
                  | Str+4}
 17950 | Gauntlet | Noticed a minotaur
 17969 | Gauntlet | HP: 4/85 [minotaur/stone (2)]
 17979 | Gauntlet | Killed a minotaur
 18050 | Lair:4   | Reached XP level 14. HP: 91/91 MP: 22/22
 18068 | Lair:4   | Found a dark tunnel.
 18073 | Volcano  | Entered a volcano
 19640 | Lair:4   | Noticed Nergalle
 19690 | Lair:4   | Killed Nergalle
 19855 | Lair:4   | Identified the +0 scale mail "Waunaum" {rElec Str-4 Int+4
                  | Dex+4}
 20617 | D:11     | Killed p0werm0de's ghost
 20899 | Lair:3   | Killed Nologisch's ghost
 22583 | Lair:6   | Entered Level 6 of the Lair of Beasts
 22641 | Lair:6   | Reached XP level 15. HP: 96/96 MP: 24/24
 23279 | Lair:6   | Found a staircase to the Slime Pits.
 23389 | Lair:6   | Reached skill level 5 in Evocations
 24083 | Lair:6   | Identified the ring "Wehiumeo" {+Blink rElec rF+ rC- rCorr
                  | Stlth+}
 24750 | D:12     | Noticed Jorgrun
 24944 | D:12     | Killed Jorgrun
 25000 | D:12     | Noticed Gastronok
 25051 | D:12     | Killed Gastronok
 25052 | D:12     | Reached skill level 13 in Stealth
 25832 | D:13     | Found a gate to the Vaults.
 25902 | D:13     | Reached XP level 16. HP: 89/101 MP: 26/26
 25917 | D:13     | Reached skill level 5 in Armour
 26093 | D:13     | Found a flagged portal.
 26099 | Bailey   | Entered a bailey
 26199 | Bailey   | Found a burning altar of Makhleb.
 26394 | D:13     | Found Wanlia's Demolitions Depot.
 26535 | D:13     | Reached skill level 14 in Stealth
 27868 | D:14     | Reached skill level 10 in Evocations
 28149 | D:14     | Reached skill level 15 in Stealth
 28597 | D:15     | Entered Level 15 of the Dungeon
 28689 | D:15     | Found a frozen archway.
 28704 | D:15     | Noticed Josephine
 28726 | D:15     | Killed Josephine
 28775 | IceCv    | Entered an ice cave
 29163 | D:15     | Found a staircase to the Depths.
 29891 | D:15     | Noticed Agnes
 29911 | D:15     | Paralysed by something for 7 turns
 30103 | Orc:1    | Entered Level 1 of the Orcish Mines
 30297 | Orc:2    | Entered Level 2 of the Orcish Mines
 30576 | Orc:2    | Reached skill level 16 in Stealth
 30576 | Orc:2    | Reached XP level 17. HP: 86/106 MP: 27/27
 30959 | Orc:2    | Found a staircase to the Elven Halls.
 31136 | Orc:2    | Reached skill level 17 in Stealth
 31477 | Orc:1    | Found Boosk's General Store.
 31498 | Orc:1    | Bought the quicksilver dragon scales of the Lotus Blossom
                  | {rElec Will+ Regen+ Dex+4} for 1318 gold pieces
 31861 | Orc:2    | Found Tygok's Assorted Antiques.
 31875 | Orc:2    | Found Onu Kuta's General Store.
 32015 | Orc:2    | Found Ampeiqar's Distillery.
 32027 | Orc:2    | Found Gyump's General Store.
 32176 | Elf:1    | Entered Level 1 of the Elven Halls
 33476 | Elf:1    | Found Uzuynap's Distillery.
 33963 | Elf:1    | Identified the +5 rapier of Guile {speed, Dex+4}
 33965 | Elf:1    | Noticed an Executioner
 33966 | Elf:1    | Found a runed translucent gate.
 33966 | Elf:1    | Found a runed translucent gate.
 33966 | Elf:1    | Found a runed translucent gate.
 33967 | Elf:1    | Noticed an Executioner
 34177 | Elf:1    | Found a runed translucent gate.
 34177 | Elf:1    | Found a runed translucent gate.
 34177 | Elf:1    | Found a runed translucent gate.
 34199 | Elf:1    | Reached skill level 15 in Dodging
 34202 | Elf:1    | Noticed a storm dragon
 34207 | Elf:1    | Identified the +4 ring mail "Hyest" {Harm Fly rC- Str-3}
 34597 | Spider:1 | Entered Level 1 of the Spider Nest
 34628 | Lair:3   | Reached XP level 18. HP: 114/114 MP: 28/28
 34632 | Lair:3   | Reached skill level 18 in Stealth
 34885 | Spider:1 | Found a runed translucent door.
 34885 | Spider:1 | Noticed Johiy's ghost (adept MiFi)
 36772 | Spider:3 | Found a runed translucent gate.
 36772 | Spider:3 | Found a runed translucent gate.
 36772 | Spider:3 | Found a runed translucent gate.
 36777 | Spider:3 | Noticed Ygurun's ghost (journeyman HOFi)
 37065 | Spider:3 | Identified the +4 ring mail "Animo" {rF+}
 37669 | Spider:3 | Killed Ygurun's ghost
 37741 | Spider:3 | Identified the amulet "Tuffops" {Acrobat rF- rC+ rN++ SInv}
 38209 | Spider:1 | Killed Johiy's ghost
 38334 | Shoals:1 | Entered Level 1 of the Shoals
 38644 | Shoals:1 | Reached skill level 19 in Stealth
 38652 | Shoals:1 | Found a runed translucent door.
 38658 | Shoals:1 | Noticed Vugicoz's ghost (adept MiFi)
 38807 | Lair:3   | Killed Vugicoz's ghost
 39055 | Shoals:1 | Noticed a kraken
 39345 | Shoals:1 | Reached XP level 19. HP: 100/121 MP: 29/29
 39870 | Shoals:2 | Found Uxavvuo's Armour Shop.
 39920 | Shoals:2 | Identified the +9 whip "Hewol" {vorpal, +Rage}
 41068 | Shoals:2 | Found Guddik's General Store.
 41333 | Orc:2    | Bought a potion of flight for 33 gold pieces
 41333 | Orc:2    | Bought a potion of heal wounds for 55 gold pieces
 41333 | Orc:2    | Bought a potion of heal wounds for 55 gold pieces
 41562 | Shoals:2 | Bought a potion of heal wounds for 90 gold pieces
 41731 | Shoals:3 | Reached skill level 20 in Stealth
 42978 | Elf:2    | Found Foolicont's Jewellery Shop.
 43035 | Elf:2    | Found a runed translucent gate.
 43035 | Elf:2    | Found a runed translucent gate.
 43038 | Elf:2    | Found a runed translucent gate.
 43443 | Elf:2    | Noticed a deep elf blademaster
 43446 | Elf:2    | Killed a deep elf blademaster
 43459 | Elf:2    | Reached skill level 10 in Armour
 43660 | Elf:2    | Reached skill level 21 in Stealth
 44294 | Spider:4 | Entered Level 4 of the Spider Nest
 44477 | Spider:4 | Reached XP level 20. HP: 121/127 MP: 30/30
 45600 | Spider:4 | Reached skill level 22 in Stealth
 45607 | Spider:4 | Noticed Bai Suzhen
 45611 | Spider:4 | Killed Bai Suzhen
 45987 | Spider:4 | Got a gossamer rune of Zot
 46204 | Shoals:4 | Entered Level 4 of the Shoals
 46332 | Shoals:4 | Reached skill level 23 in Stealth
 46418 | Shoals:4 | Got a barnacled rune of Zot
 46789 | Shoals:4 | Reached XP level 21. HP: 132/132 MP: 31/31
 47135 | Shoals:4 | Reached skill level 24 in Stealth
 47211 | Shoals:4 | Identified Xafigaw's Papyrus of the Wary Xenops
 47418 | Shoals:4 | Acquired the ring of Moodiness {Fly rF+ Will++ Str+3}
 50774 | D:15     | Killed Agnes
 50846 | Depths:1 | Entered Level 1 of the Depths
 50879 | Depths:1 | Found a glowing golden altar of the Shining One.
 50906 | Depths:1 | Reached skill level 25 in Stealth
 50946 | Depths:1 | Found Tedebat's Distillery.
 50999 | Depths:1 | Bought 2 potions of invisibility for 256 gold pieces
 51147 | Depths:1 | Found a gateway to a ziggurat.
 51453 | Depths:1 | Reached skill level 26 in Stealth
 51499 | Depths:1 | Found a gateway to Hell.
 51789 | Depths:1 | Bought a potion of heal wounds for 80 gold pieces
 51789 | Depths:1 | Bought a potion of heal wounds for 80 gold pieces
 51889 | Depths:1 | Found a one-way gate leading to the halls of Pandemonium.
 52084 | Depths:2 | Found a one-way gate to the infinite horrors of the Abyss.
 52196 | Depths:2 | Reached XP level 22. HP: 137/137 MP: 32/32
 52334 | Depths:2 | Noticed Saint Roka
 52342 | Depths:2 | Killed Saint Roka
 52472 | Depths:2 | Reached skill level 15 in Invocations
 52567 | Depths:2 | Noticed Mara
 52571 | Depths:2 | Killed Mara
 52713 | Depths:2 | Found a transporter.
 52715 | Depths:2 | Found a transporter.
 53842 | Depths:2 | Noticed a juggernaut
 53846 | Depths:2 | Noticed Argha's ghost (veteran GrGl)
 53986 | Depths:2 | Found a bloodstained altar of Trog.
 53996 | Depths:2 | Slain by a deep elf blademaster

Illustrated notes

Levels and vault maps discovered:
D:1:      lemuel_arrival_behind_the_door_large, layout_loops_ring,
          chequers_ecumenical_altar_simple_redux
D:2:      layout_basic, basic_altar, hex_large
D:3:      minmay_octagon_keep, layout_loops_ring, portal_sewer_entry_d
D:4:      layout_basic, lemuel_round_altar, nicolae_wu_jian_immortal_techniques,
          grunt_temple_overflow_open, minmay_temple_entry_oklob, uniq_ijyb
D:5:      layout_basic, kennysheep_little_box, serial_aquarium,
          aquarium_bridge_long_joined [aquarium_subvault_window,
          aquarium_subvault_wall, aquarium_subvault_window,
          aquarium_subvault_bridge, aquarium_subvault_bridge,
          aquarium_subvault_wall], aquarium_window_1, aquarium_window_1,
          aquarium_window_fake, aquarium_window_1, aquarium_view_2b,
          aquarium_pool_split, uniq_menkaure
D:6:      layout_loops_ring, amethyst_killhole, chequers_mini_garden
D:7:      layout_loops_ring, grunt_decor_fettered
D:8:      layout_basic, nicolae_overflow_crystal_walls,
          overflow_temple_1_default, minmay_misc_feat_square
D:9:      layout_basic
D:10:     lemuel_slime, layout_irregular_city, nrook_mini_backslash
D:11:     minmay_firetagon, layout_loops_corners, erik_lair_island,
          minmay_orc_entry_temple_small, serial_undead, serial_undead_e,
          serial_undead_a, serial_undead_a, serial_undead_d,
          ebering_ghost_reflecting_pool
D:12:     layout_loops_cross, uniq_jorgrun, uniq_gastronok
D:13:     layout_loops_ring, erik_vaults_2, enter_bailey_5, dk_noncrumbling_3,
          nicolae_blasting_shop, hangedman_decor_opposing, due_unseen_surprise
D:14:     layout_loops_corners
D:15:     gammafunk_depths_entry_grave, layout_cave_pods,
          minmay_misc_feat_plants, portal_ice_cave_entry_pillars_1, minivault_8,
          uniq_josephine, uniq_agnes
Temple:   regret_index_temple_waves
Lair:1:   layout_loops_ring, beast_lair_carwin_5, wad_woods_river_01,
          serial_bayou_shore_a, uniq_prince_ribbit2
Lair:2:   cheibrodos_lair_overgrown_chateau, layout_cave_pods,
          ebering_ghost_inner_flame, uniq_erica, uniq_fannar
Lair:3:   layout_cave_shapes, elwin_shoals_entry_stream,
          spider_nest_entry_web_field, hangedman_lair_unloving_vines,
          minivault_27, serial_bayou_pond_c
Lair:4:   layout_loops_ring, gauntlet_entry_generic,
          nicolae_volcano_entry_s_turn, minmay_lair_oklob_items,
          nicolae_quartered_pool_super, columned_hall_lemuel, uniq_nergalle
Lair:5:   layout_cave_pods, grunt_megastairs_1
Lair:6:   gammafunk_lair_ancient_temple, layout_cave_pods,
          nicolae_slime_entry_slimehenge
Shoals:1: layout_shoals, ebering_ghost_reflecting_pool, abandoned_shop
Shoals:2: layout_shoals, serial_shops, nicolae_shop_behind_doors,
          nicolae_shop_crystal, st_sunken_huts
Shoals:3: layout_shoals
Shoals:4: shoals_end_grunt_garden, layout_shoals, nicolae_shoals_water_shrine
Spider:1: layout_spider_delve, gammafunk_ghost_grave,
          nicolae_spider_webs_and_nodes
Spider:2: layout_spider_delve, nicolae_spider_swamp_cousins
Spider:3: layout_spider_delve, gammafunk_ghost_split
Spider:4: floodkiller_spider_rune_tomb, uniq_bai_suzhen
Orc:1:    layout_caves, serial_shops, shop, nicolae_orc_tapped_out
Orc:2:    st_orc_open, layout_caves, basic_altar
Elf:1:    minmay_elf_arrival_summoners, layout_loops_cross, serial_shops,
          nicolae_shop_trees, orc_legates, minmay_crystal_room, hex_medium,
          serial_sigils_hangedman_writhe
Elf:2:    layout_geoelf_grid, serial_shops, shop, lemuel_elevator
Depths:1: layout_cave_pools, enter_ziggurat_b, serial_shops, shop, hell_entry,
          rand_demon_pan_entry_4, kennysheep_diamond, nrook_mini_vaults,
          minmay_misc_feat_iff, tso_metal_star
Depths:2: hangedman_screamer, layout_basic, grunt_pan_entry_spiral, abyss_entry,
          grunt_mini_vestibule, gammafunk_ghost_wrathful_warriors, uniq_mara,
          uniq_saint_roka

Skill      XL: |  1  2  3  4  5  6  7  8  9 10 11 12 13 14 15 16 17 18 19 20 21 22 |
---------------+-------------------------------------------------------------------+-----
Short Blades   | 3 4 5 6 7 9 10 13 14 | 14.0
Dodging        | 2 3 4 5 6 7 9 10 11 12 13 14 15 16 17 | 17.9
Armour         | 1 2 4 5 6 8 10 12 | 12.0
Invocations    | 3 6 8 10 11 12 14 15 | 15.9
Fighting       | 4 7 9 10 11 12 13 14 | 14.0
Stealth        | 7 10 12 13 16 17 19 21 23 26 | 26.0
Shields        | 2 5 6 |  6.0
Evocations     | 2 4 7 12 | 12.0
Throwing       | |  2.1

Action                   |  1- 3 |  4- 6 |  7- 9 | 10-12 | 13-15 | 16-18 | 19-21 | 22-24 || total
-------------------------+-------+-------+-------+-------+-------+-------+-------+-------++-------
Melee: Dagger            |    85 |   126 |   286 |   843 |   833 |       |       |       ||  2173
       Rapier            |       |       |       |       |   819 |  2293 |  1972 |   382 ||  5466
 Fire: Hand crossbow     |       |       |     2 |       |       |       |       |       ||     2
       Hunting sling     |       |       |       |       |     5 |    11 |       |       ||    16
Throw: Dart              |    13 |     3 |     5 |    40 |    18 |       |       |       ||    79
       Boomerang         |       |       |       |       |       |    17 |    31 |       ||    48
Invok: Line Pass         |       |       |     1 |     7 |     9 |     7 |     3 |     6 ||    33
       Stomp             |       |       |       |     6 |    38 |    20 |    18 |     6 ||    88
       Grand Finale      |       |       |       |       |       |     1 |     1 |       ||     2
Evoke: Wand              |       |       |     1 |     9 |    17 |    15 |     1 |       ||    43
  Use: Scroll            |     3 |       |    11 |     7 |     9 |     5 |     1 |     3 ||    39
       Potion            |       |       |       |       |     8 |     3 |     2 |       ||    13
 Stab: Sleeping          |    13 |    18 |    16 |    37 |    75 |    78 |    83 |    11 ||   331
       Distracted        |       |     1 |     1 |     3 |     8 |    16 |    20 |     2 ||    51
       Paralysed         |       |       |     6 |    33 |    46 |    85 |   102 |    16 ||   288
       Confused          |       |       |     1 |     2 |     9 |     4 |     3 |     6 ||    25
       Invisible         |       |       |       |       |     1 |       |       |       ||     1
Armor: Robe              |    19 |     3 |       |       |     2 |       |       |       ||    24
       Leather armour    |     5 |    13 |    46 |   127 |   194 |   124 |       |       ||   509
       Skin              |       |     4 |       |       |       |       |       |       ||     4
       Quicksilver drago |       |       |       |       |       |   230 |   215 |    56 ||   501
Dodge: Dodged            |    45 |    42 |   167 |   592 |   867 |  1148 |  1039 |   225 ||  4125
Block: Buckler           |       |       |       |    82 |   372 |   609 |   468 |   103 ||  1634

Table legend: (Time is in decaauts)
 A = Elapsed time spent in this place.
 B = Non-inter-level travel time spent in this place.
 C = Inter-level travel time spent in this place.
 D = Time resting spent in this place.
 E = Time spent auto-exploring this place.
 F = Levels seen in this place.
 G = Mean time per level.
                   A        B        C        D        E       F      G
               +--------+--------+--------+--------+--------+-----+--------+
         Total |  50647 |  44337 |   6310 |   1009 |  30982 |  41 | 1235.3 |
       Dungeon |  19795 |  17350 |   2445 |    575 |  12545 |  15 | 1319.7 |
        Temple |    223 |    192 |     31 |      0 |    191 |   1 |  223.0 |
          Lair |   9443 |   7567 |   1876 |    151 |   5594 |   6 | 1573.8 |
        Shoals |   7012 |   6437 |    575 |     30 |   5039 |   4 | 1753.0 |
   Spider Nest |   4737 |   4089 |    648 |     64 |   2710 |   4 | 1184.2 |
  Orcish Mines |   2234 |   1899 |    335 |     24 |   1184 |   2 | 1117.0 |
   Elven Halls |   2985 |   2728 |    257 |      0 |   1458 |   2 | 1492.5 |
        Depths |   2691 |   2550 |    141 |    132 |   1820 |   2 | 1345.5 |
         Sewer |    321 |    321 |      0 |      0 |    231 |   1 |  321.0 |
        Bailey |    236 |    236 |      0 |      0 |     53 |   1 |  236.0 |
      Ice Cave |    221 |    221 |      0 |      0 |     52 |   1 |  221.0 |
       Volcano |    435 |    435 |      0 |     33 |    102 |   1 |  435.0 |
      Gauntlet |    307 |    307 |      0 |      0 |      0 |   1 |  307.0 |
               +--------+--------+--------+--------+--------+-----+--------+

Top non-repeatable levels by time:
    D:11: 3339 daAuts
  Lair:1: 2024 daAuts
Shoals:2: 1941 daAuts
   Elf:1: 1915 daAuts
Shoals:1: 1808 daAuts
  Lair:6: 1727 daAuts
Shoals:4: 1712 daAuts
  Lair:2: 1710 daAuts
    D:15: 1577 daAuts
Shoals:3: 1549 daAuts
   Orc:2: 1538 daAuts
  Lair:3: 1517 daAuts
Spider:4: 1509 daAuts
Depths:2: 1491 daAuts
     D:3: 1456 daAuts
